 Dungeon Crawl Stone Soup version 0.31.0-32-g396128a36d (webtiles) character file.

Game seed: 5694807433571708485

955 BoneyBoi1234 the Changeling (level 7, -1/59 HPs)
             Began as a Red Draconian Shapeshifter on Mar 27, 2024.
             Slain by a lemure (5 damage)
             ... led by Pikel
             ... on level 5 of the Dungeon.
             The game lasted 00:13:10 (6055 turns).

BoneyBoi1234 the Changeling (DrSh)                  Turns: 6055, Time: 00:13:11

Health: -1/59      AC:  6    Str: 16    XL:     7   Next: 91%
Magic:  10/10      EV: 13    Int: 10    God:
Gold:   231        SH:  0    Dex: 13    Spells: 10/11 levels left

rFire   + .          .
                       - Unarmed
rCold   . . .        (no shield)
rNeg    . . .        (body armour unavailable)
rPois   .            (helmet currently unavailable)
rElec   .            (cloak currently unavailable)
rCorr   .            (gloves currently unavailable)
SInv    .            (boots currently unavailable)
Will    .....        (no amulet)
Stlth   +            (no ring)
HPRegen 0.29/turn    (no ring)
MPRegen 0.12/turn

%: no passive effects
@: beast-form
A: beast (slay +3), breathe fire, AC +6, unfitting armour, fire resistance 1,
cold-blooded
a: Breathe Fire, Begin Untransformation


You were on level 5 of the Dungeon.
You were a hulking beast.
You visited 1 branch of the dungeon, and saw 5 of its levels.
You also visited: Sewer.

You collected 231 gold pieces.

Inventory:

Hand Weapons
 y - the +5 flail "Hiaqa" {heavy, ^Drain rN+ Int+5}
   (You found it on level 4 of the Dungeon)

   Int+5:     It affects your intelligence (+5).
   rN+:       It protects you from negative energy.
   ^Drain:    It drains your maximum health when unequipped.
 E - a +3 quarterstaff of chaos
Armour
 m - a +0 pair of boots
 D - a +0 cloak
Jewellery
 B - a +5 ring of evasion
Talismans
 b - a beast talisman (active)
 c - a flux talisman
Wands
 u - a wand of acid (13)
 x - a wand of charming (6)
 z - a wand of flame (11)
 C - a wand of polymorph (7)
Scrolls
 a - a scroll of summoning
 f - 2 scrolls of vulnerability {unknown}
 g - a scroll of enchant weapon {unknown}
 i - 3 scrolls of teleportation
 k - a scroll of amnesia {unknown}
 o - a scroll of fear {unknown}
 q - a scroll of silence {unknown}
 r - 3 scrolls of noise
 t - 2 scrolls of fog {unknown}
 v - 2 scrolls of immolation {unknown}
 w - 2 scrolls of identify
Potions
 d - 2 potions of curing {unknown}
 e - 2 potions of heal wounds {unknown}
 h - 2 potions of brilliance {unknown}
 j - a potion of magic {unknown}
 l - a potion of ambrosia {unknown}
 n - a potion of resistance {unknown}
 p - 2 potions of attraction {unknown}
 s - a potion of enlightenment


   Skills:
 + Level 4.0 Fighting
 + Level 3.6 Dodging
 + Level 4.6 Unarmed Combat
 + Level 2.5 Spellcasting
 + Level 2.5 Conjurations
 * Level 5.4 Shapeshifting


You had 10 spell levels left.
You knew the following spells:

 Your Spells              Type           Power      Damage    Failure   Level
a - Magic Dart            Conj           24%        1d4       11%         1

Your spell library contained the following spells:

 Spells                   Type           Power      Damage    Failure   Level
 Blink                    Tloc           2%         N/A       41%         2
 Call Imp                 Summ           2%         N/A       41%         2


Dungeon Overview and Level Annotations

Branches:
Dungeon (5/15)              Sewer (visited)
 Temple: D:4-7

Altars:
Gozag
Ru
Wu Jian

Annotations:
D:5 Pikel


Innate Abilities, Weirdness & Mutations

You are a hulking beast.
Your limbs bulge with bestial killing power. (Slay +3)
You can breathe blasts of fire.
Your fiery red scales are hard. (AC +6)
You cannot fit into any form of body armour.
Your flesh is heat resistant. (rF+)
You are cold-blooded and may be slowed by cold attacks.


Message History

Pikel is heavily wounded.
Pikel hits you with a +2 whip of freezing.
Pikel freezes you. The lemure closely misses you. x2
You punch Pikel!
Pikel is severely wounded.
Pikel misses you. The lemure hits you.
* * * LOW HITPOINT WARNING * * *
The lemure closely misses you.
You hit Pikel.
Pikel is severely wounded.
Pikel barely misses you. The lemure completely misses you.
You closely miss Pikel.
Pikel is severely wounded.
The lemure closely misses you.
Pikel hits you with a +2 whip of freezing.
* * * LOW HITPOINT WARNING * * *
Pikel freezes you.
* * * LOW HITPOINT WARNING * * *
The lemure hits you.
* * * LOW HITPOINT WARNING * * *
You hit Pikel.
Pikel is almost dead.
The lemure barely misses you. Pikel closely misses you.
You hit Pikel.
Pikel is almost dead.
The lemure closely misses you. The lemure hits you.
* * * LOW HITPOINT WARNING * * *
You hit Pikel but do no damage.
Your tail-slap misses Pikel.
Pikel is almost dead.
Pikel closely misses you. The lemure hits you but does no damage.
The lemure hits you.
* * * LOW HITPOINT WARNING * * *
You completely miss Pikel.
Your tail-slap misses Pikel.
Pikel is almost dead.
Pikel misses you. The lemure hits you but does no damage.
The lemure closely misses you.
You barely miss Pikel.
Your tail-slap misses Pikel.
Pikel is almost dead.
Pikel misses you. The lemure barely misses you. The lemure hits you.
You die...

.# .♣. #.#...♣.
#.#....♣.
######.#.#...♣
#............
#..5.......# .#
#.<5h......# .#
#....K.....# ..#
#..........##.#
#.............#
#...........###
#(..........#
#..)........# ####
######.##...######...
#.###.....5.#...


You could see Pikel and 2 lemures.

Vanquished Creatures
  2 black bears
  An ogre (D:4)
  A lemure (D:4)
  A phantom (D:5)
  A brain worm (Sewer)
  A bombardier beetle (D:5)
  Crazy Yiuf (D:4)
  Ijyb (D:5)
  Terence (D:3)
  3 orc wizards
  A gnoll (D:1)
  4 adders
  2 river rats (Sewer)
  An ufetubus (D:5)
  2 ribbon worms
  3 dart slugs
  12 orcs
  9 bats
  7 endoplasms
  10 giant cockroaches
  11 goblins
  11 hobgoblins
  7 jackals
  7 quokkas
  14 ball pythons
  4 frilled lizards
  3 kobolds
  4 rats
125 creatures vanquished.

Vanquished Creatures (collateral kills)
  An iguana (D:4)
1 creature vanquished.

Vanquished Creatures (others)
  Sigmund (D:4)
1 creature vanquished.

Grand Total: 127 creatures vanquished

Notes
Turn   | Place    | Note
-------+----------+-------------------------------------------
     0 | D:1      | BoneyBoi1234 the Draconian Shapeshifter began the quest for
                  | the Orb.
     0 | D:1      | Reached XP level 1. HP: 16/16 MP: 1/1
   182 | D:1      | Reached XP level 2. HP: 23/23 MP: 2/2
   510 | D:1      | Reached XP level 3. HP: 8/29 MP: 3/3
  1776 | D:2      | Learned a level 1 spell: Magic Dart
  1823 | D:3      | Found an opulent altar of Gozag.
  1915 | D:3      | Reached XP level 4. HP: 31/36 MP: 1/4
  2373 | D:3      | Found a glowing drain.
  2391 | Sewer    | Entered a sewer
  2756 | Sewer    | Reached XP level 5. HP: 41/42 MP: 6/6
  3103 | Sewer    | Reached skill level 1 in Spellcasting
  3115 | Sewer    | Reached skill level 4 in Shapeshifting
  3806 | D:3      | Noticed Terence
  3821 | D:3      | Killed Terence
  3822 | D:3      | Reached skill level 1 in Conjurations
  3822 | D:3      | Reached XP level 6. HP: 28/50 MP: 8/8
  4245 | D:4      | Noticed Sigmund
  4261 | D:4      | Killed Sigmund
  4535 | D:4      | Your scales start taking on a fiery red colour.
  4535 | D:4      | Reached XP level 7. HP: 36/57 MP: 6/10
  4535 | D:4      | Gained mutation: Your flesh is heat resistant. (rF+) [Red
                  | Draconian growth]
  4833 | D:4      | Identified the +5 flail "Hiaqa" {heavy, ^Drain rN+ Int+5}
  5155 | D:4      | Found an ornate altar of the Wu Jian Council.
  5276 | D:4      | Found a runed translucent door.
  5277 | D:4      | Noticed Crazy Yiuf
  5404 | D:4      | Found a sacrificial altar of Ru.
  5451 | D:4      | Killed Crazy Yiuf
  5475 | D:5      | Entered Level 5 of the Dungeon
  5511 | D:4      | Reached skill level 5 in Shapeshifting
  5789 | D:5      | Noticed Ijyb
  5802 | D:5      | Killed Ijyb
  5824 | D:5      | Noticed Pikel
  6055 | D:5      | Slain by a lemure

Illustrated notes

Levels and vault maps discovered:
D:1:      saegor_arrival_under_anarchy, layout_loops_corners
D:2:      layout_basic
D:3:      layout_basic, grunt_gozag_breadcrumbs, gup_sewer_entry_pipe,
          uniq_terence
D:4:      layout_loops_ring, lemuel_coloured_pillars_altar,
          nicolae_ru_path_of_blood, uniq_sigmund, uniq_crazy_yiuf_cottage
D:5:      layout_rooms, makhleb_altar_promises_db, okawaru_trees_2,
          nicolae_qazlal_scattered_showers, minmay_strange_pillars,
          grunt_ministairs_12, st_stairs_3, reono_crystal_passage,
          kennysheep_generic_room_4, uniq_pikel, uniq_ijyb

Skill      XL: |  1  2  3  4  5  6  7 |
---------------+----------------------+-----
Dodging        | 2 3 |  3.6
Fighting       | 2 3 4 |  4.0
Spellcasting   | 1 2 |  2.5
Shapeshifting  | 4 5 |  5.4
Conjurations   | 1 2 |  2.5
Unarmed Combat | 4 |  4.6

Action                     |  1- 3 |  4- 6 |  7- 9 || total
---------------------------+-------+-------+-------++-------
  Melee: Unarmed           |   122 |   228 |    63 ||   413
         Punch             |     4 |       |     1 ||     5
         Tailslap          |     9 |    25 |     7 ||    41
   Cast: Magic Dart        |     5 |    32 |    16 ||    53
Ability: Breathe Fire      |       |       |     3 ||     3
    Use: Potion            |       |     2 |     2 ||     4
         Scroll            |       |     3 |     1 ||     4
   Stab: Sleeping          |     1 |     1 |       ||     2
 Armour: Skin              |    74 |   153 |    65 ||   292
  Dodge: Dodged            |    58 |   164 |    74 ||   296
   Form: Beast             |     1 |       |       ||     1
